 Dungeon Crawl Stone Soup version 0.23.2 (webtiles) character file.

Game seed: 377977838277411334

69 lysyklops the Covered (level 4, -1/40 HPs)
             Began as a Minotaur Fighter on Apr 5, 2019.
             Was an Initiate of Qazlal.
             Slain by an orc
             ... wielding a +0 dagger
              (2 damage)
             ... on level 3 of the Dungeon.
             The game lasted 00:02:31 (1525 turns).

lysyklops the Covered (Minotaur Fighter)            Turns: 1525, Time: 00:02:33

Health: -1/40      AC:  7    Str: 22    XL:     4   Next: 2%
Magic:  3/3        EV:  7    Int:  5    God:    Qazlal [......]
Gold:   71         SH:  9    Dex:  9    Spells: 3/3 levels left

rFire    . . .     SeeInvis .   o - +0 scimitar
rCold    . . .     Gourm    .   c - +0 shield
rNeg     . . .     Faith    .   b - +0 scale mail
rPois    .         Spirit   .   (helmet restricted)
rElec    .         Reflect  .   (no cloak)
rCorr    .         Harm     .   (no gloves)
MR       .....                  (no boots)
Stlth    ..........             (no amulet)
HPRegen  0.13/turn              (no ring)
MPRegen  0.08/turn              (no ring)

@: lethally poisoned (-1 -> -2)
A: retaliatory headbutt, horns 2
a: Renounce Religion


You were on level 3 of the Dungeon.
You worshipped Qazlal.
Qazlal was noncommittal.
You were not hungry.

You visited 1 branch of the dungeon, and saw 3 of its levels.

You collected 71 gold pieces.

Inventory:

Hand Weapons
 o - a +0 scimitar (weapon)
Armour
 b - a +0 scale mail (worn)
 c - a +0 shield (worn)
Jewellery
 k - an uncursed amulet of regeneration {unknown}
 l - a +5 ring of strength {unknown}
 p - an uncursed ring of protection from fire {unknown}
 q - an uncursed ring of protection from cold {unknown}
Scrolls
 a - 2 scrolls of amnesia {unknown}
 e - 4 scrolls of identify {unknown}
 h - a scroll of remove curse {unknown}
 i - 2 scrolls of teleportation {unknown}
 j - 2 scrolls of fear {unknown}
 m - a scroll of noise {unknown}
Potions
 d - a potion of might
 g - a potion of curing {unknown}
 n - a potion of degeneration {unknown}
Comestibles
 f - 4 rations


   Skills:
 + Level 4.1 Fighting
 + Level 3.1 Long Blades
 + Level 4.4 Armour
 + Level 4.4 Shields


You had 3 spell levels left.
You didn't know any spells.
Your spell library was empty.

Dungeon Overview and Level Annotations

Branches:
Dungeon (3/15)

Altars:
Qazlal
Trog
Vehumet


Innate Abilities, Weirdness & Mutations

You reflexively headbutt those who attack you in melee.
You have a pair of horns on your head.


Message History

You have reached level 4!
You feel stronger.
You feel sick. The bat hits you but does no damage. The bat hits you.
* * * LOW HITPOINT WARNING * * *
You block the bat's attack.
You barely miss the orc priest.
The orc priest is lightly wounded.
The bat hits you but does no damage.
The orc priest hits you but does no damage. x2
You hit the orc priest. You headbutt the orc priest.
The orc priest is severely wounded.
You block the orc priest's attack.
You closely miss the orc priest. You headbutt the orc priest.
The orc priest is almost dead.
You feel sick. You block the orc's attack.
The orc priest calls down the wrath of Beogh upon you.
Pain shoots through your body!
* * * LOW HITPOINT WARNING * * *
The orc hits you with a +0 dagger.
You die...

###.###.b.. #.
#..).ooo... #.
#.#.# #.###.#(##
#.[.....o#
#.....(..#
##....##.#
#...###.# #..bo@oo#
## ##.###### ##+##
#. #.# ##...## #.
#.### ##.....## #.
##.#.## ##.......#
#.
#.....####.........
#.
##.......'.(....#
#. #....####......#
#. #.#.## ##..)รท.#
#.


You could see an orc priest, 2 orcs and a bat.

Vanquished Creatures
  An adder (D:3)
  A worm (D:2)
  A leopard gecko (D:1)
  An orc (D:3)
  2 ball pythons
  3 giant cockroaches
  7 goblins
  3 hobgoblins
  4 jackals (D:1)
  7 kobolds
  9 bats
  5 frilled lizards
  8 rats
52 creatures vanquished.

Notes
Turn   | Place    | Note
-------+----------+-------------------------------------------
     0 | D:1      | lysyklops the Minotaur Fighter began the quest for the Orb.
     0 | D:1      | Reached XP level 1. HP: 19/19 MP: 0/0
     2 | D:1      | Noticed a felid
     2 | D:1      | Noticed a naga
     4 | D:1      | Noticed an ogre
     6 | D:1      | Noticed a demigod
     6 | D:1      | Noticed an elf
     8 | D:1      | Noticed a formicid
     8 | D:1      | Noticed a spriggan
    10 | D:1      | Noticed a troll
    10 | D:1      | Noticed a demonspawn
    12 | D:1      | Noticed a tengu
    12 | D:1      | Noticed a halfling
    14 | D:1      | Noticed a gargoyle
    14 | D:1      | Noticed an octopode
    16 | D:1      | Noticed a vine stalker
    16 | D:1      | Noticed a vampire
    18 | D:1      | Noticed a centaur
    20 | D:1      | Noticed a human
    20 | D:1      | Noticed a merfolk
    23 | D:1      | Noticed a draconian
    25 | D:1      | Noticed a minotaur
    27 | D:1      | Noticed a ghoul
    27 | D:1      | Noticed a dwarf
   238 | D:1      | Reached XP level 2. HP: 27/27 MP: 1/1
   660 | D:2      | Reached XP level 3. HP: 33/33 MP: 2/2
   903 | D:2      | Found a radiant altar of Vehumet.
  1036 | D:2      | Found a bloodstained altar of Trog.
  1390 | D:3      | Found a stormy altar of Qazlal.
  1398 | D:3      | Became a worshipper of Qazlal Stormbringer
  1522 | D:3      | Reached XP level 4. HP: 9/40 MP: 3/3
  1525 | D:3      | HP: 1/40 [orc priest/nerve-wracking pain (6)]
  1525 | D:3      | Slain by an orc

Skill      XL: |  1  2  3 |
---------------+----------+-----
Armour         | 4 |  4.4
Fighting       | 4 |  4.1
Shields        | 4 |  4.4
Long Blades    | 3 |  3.1

Action                   |  1- 3 |  4- 6 || total
-------------------------+-------+-------++-------
Melee: Long sword        |    44 |       ||    44
       Headbutt          |    17 |     2 ||    19
       Scimitar          |    83 |     3 ||    86
  Eat: Chunk             |     2 |       ||     2
Armor: Scale mail        |    72 |     4 ||    76
Dodge: Dodged            |    46 |       ||    46
Block: Shield            |    88 |     3 ||    91
       Rpst.: Scimitar   |     8 |       ||     8
       Long sword        |     1 |       ||     1
